Map: Apotheosis LE

Players

Googleflax - Winner!

  • Race: Protoss Protoss
  • League: Diamond

keur

  • Race: Protoss Protoss
  • League: Diamond

VOD

Have the link to the VOD?

Description

Pretty much the title. I notice the DT shimmer just in time to Force Field the ramp and build a Pylon wall to delay him long enough for my Robo to finish. He then follows up with proxy Chargelot/Archon.

Time

  • Played on: Aug. 25, 2016, 3:49 p.m.
  • Length: 9:11
Show
View Real Time Build Order
Export as new Build Order

Googleflax Protoss - Winner!

Build Orders:  

Get SALT Encoding   

  12  0:01  Probe (Chrono Boost)  
  13  0:11  Probe (Chrono Boost)  
  14  0:17  Pylon  
  14  0:22  Probe (Chrono Boost)  
  16  0:35  Probe (Chrono Boost)  
  16  0:38  Gateway  
  16  0:46  Probe (Chrono Boost)  
  16  0:48  Assimilator  
  17  0:53  Assimilator  
  17  0:57  Probe (Chrono Boost)  
  18  1:09  Gateway  
  18  1:15  Pylon  
  18  1:25  Cybernetics Core  
  18  1:30  Probe (Chrono Boost)  
  19  1:40  Probe (Chrono Boost)  
  20  1:51  Pylon, Probe (Chrono Boost)  
  21  2:02  Probe (Chrono Boost)  
  21  2:04  Adept x2  
  26  2:10  Warp Gate  
  27  2:16  Probe (Chrono Boost)  
  27  2:27  Mothership Core (Chrono Boost)  
  29  2:39  Stalker x2  
  33  2:46  Probe (Chrono Boost)  
  34  3:11  Nexus  
  34  3:16  Pylon  
  34  3:24  Sentry x2  
  37  3:28  Probe (Chrono Boost)  
  36  3:51  Probe (Chrono Boost)  
  37  3:56  Twilight Council  
  37  3:57  Robotics Facility  
  37  4:02  Probe (Chrono Boost)  
  38  4:12  Probe (Chrono Boost)  
  39  4:23  Probe (Chrono Boost)  
  40  4:25  Resonating Glaives  
  40  4:26  Pylon x2  
  40  4:28  Pylon  
  40  4:45  Observer  
  38  4:50  Sentry, Adept  
  39  5:00  Pylon  
  39  5:03  Pylon  
  39  5:04  Observer  
  40  5:07  Pylon  
  40  5:09  Pylon  
  41  5:21  Probe x2 (Chrono Boost)  
  41  5:24  Pylon  
  41  5:33  Probe (Chrono Boost)  
  43  5:36  Adept, Probe (Chrono Boost)  
  43  5:37  Sentry  
  47  5:45  Probe (Chrono Boost)  
  47  5:48  Probe (Chrono Boost)  
  49  5:53  Gateway  
  50  5:57  Immortal, Probe (Chrono Boost)  
  54  6:11  Adept  
  56  6:12  Adept  
  56  6:16  Probe (Chrono Boost)  
  56  6:17  Probe (Chrono Boost)  
  60  6:26  Gateway  
  60  6:34  Probe (Chrono Boost)  
  60  6:35  Gateway, Probe (Chrono Boost)  
  60  6:44  Stalker  
  60  6:45  Stalker  
  64  6:50  Pylon  
  64  6:53  Probe (Chrono Boost)  
  65  6:56  Phoenix  
  65  6:57  Immortal  
  69  7:10  Gateway  
  69  7:17  Adept x2  
  69  7:19  Adept  
  73  7:37  Gateway  
  73  7:40  Gateway  
  73  7:42  Adept  
  73  7:43  Adept  
  77  7:47  Adept  
  71  8:01  Stalker x2  
  71  8:03  Immortal  
  71  8:17  Adept  
  71  8:18  Adept x2  
  77  8:22  Assimilator  
  77  8:25  Assimilator  
  75  8:36  Adept x3  
  81  8:53  Adept  
  81  8:54  Adept x2  
  81  9:02  Stalker  
Show
View Real Time Build Order
Export as new Build Order

keur Protoss 

Build Orders: Zealot Archon, Dark Templar Rush 

Get SALT Encoding   

  12  0:01  Probe (Chrono Boost)  
  13  0:11  Probe (Chrono Boost)  
  14  0:17  Pylon  
  14  0:25  Probe (Chrono Boost)  
  15  0:36  Gateway, Probe (Chrono Boost)  
  16  0:45  Assimilator  
  16  0:47  Probe (Chrono Boost)  
  17  0:53  Assimilator  
  17  0:57  Probe (Chrono Boost)  
  18  1:08  Probe (Chrono Boost)  
  20  1:18  Probe (Chrono Boost)  
  20  1:25  Cybernetics Core  
  20  1:29  Pylon, Probe (Chrono Boost)  
  21  1:39  Probe (Chrono Boost)  
  22  1:42  Pylon  
  22  1:49  Warp Gate  
  22  1:50  Probe (Chrono Boost)  
  23  2:02  Twilight Council  
  23  2:13  Mothership Core (Chrono Boost)  
  25  2:16  Stalker  
  27  2:33  Probe (Chrono Boost)  
  28  2:39  Dark Shrine  
  28  2:41  Gateway  
  28  2:49  Gateway  
  28  3:19  Nexus  
  23  3:55  Dark Templar x2  
  27  4:05  Dark Templar  
  29  4:13  Probe (Chrono Boost)  
  31  4:25  Charge, Probe (Chrono Boost)  
  27  5:20  Zealot x3  
  34  5:23  Probe (Chrono Boost)  
  34  5:26  Probe (Chrono Boost)  
  35  5:32  Gateway  
  35  5:35  Probe (Chrono Boost)  
  36  5:36  Gateway, Probe (Chrono Boost)  
  37  5:45  Pylon  
  37  5:47  Probe x2 (Chrono Boost)  
  39  5:56  Dark Templar x2  
  43  5:59  Probe (Chrono Boost)  
  43  6:01  Probe (Chrono Boost)  
  45  6:07  Archon  
  45  6:09  Dark Templar  
  48  6:11  Probe (Chrono Boost)  
  48  6:12  Probe (Chrono Boost)  
  48  6:15  Archon  
  49  6:22  Probe (Chrono Boost)  
  49  6:23  Probe (Chrono Boost)  
  51  6:38  Dark Templar x2  
  55  6:44  Archon  
  55  6:45  Zealot x3  
  61  6:51  Pylon  
  61  6:52  Pylon  
  61  6:57  Probe (Chrono Boost)  
  62  7:02  Pylon  
  62  7:10  Probe (Chrono Boost)  
  62  7:12  Zealot x3  
  69  7:23  Dark Templar x2  
  69  7:27  Archon  
  71  7:35  Zealot x3  
  75  7:42  Probe (Chrono Boost)  
  75  7:43  Probe (Chrono Boost)  
  77  7:47  Assimilator  
  77  7:49  Assimilator  
  63  8:09  Zealot x3  
  63  8:10  Zealot x2  
  73  8:25  Probe (Chrono Boost)  
  73  8:26  Probe (Chrono Boost)  
  73  8:36  Zealot x4  
  73  8:37  Zealot  
  55  9:03  Zealot x5  
Tags
 
Add a new tag
Caveats
  • Supply blocks, unpowered buildings, or Contaminate may cause inaccurate times.
  • Supply counts are checked every 10 seconds.